 Dungeon Crawl Stone Soup version 0.30-a0-341-g682706514a (webtiles) character file.

Game seed: 10489215265042832924

19 ColgateMemes the Grasshopper (level 2, -1/26 HPs)
             Began as a Naga Warper on Nov 3, 2022.
             Slain by a hobgoblin (3 damage)
             ... led by Robin
             ... on level 2 of the Dungeon.
             The game lasted 00:08:57 (1333 turns).

ColgateMemes the Grasshopper (Naga Warper)          Turns: 1333, Time: 00:08:57

Health: -1/26      AC:  2    Str: 13    XL:     2   Next: 75%
Magic:  1/5        EV:  9    Int: 13    God:
Gold:   53         SH:  0    Dex: 10    Spells: 3/5 levels left

rFire   . . .      SeeInvis +    a - +0 hand axe
rCold   . . .      Faith    .    (no shield)
rNeg    . . .      Spirit   .    b - +0 leather armour
rPois   +          Reflect  .    (no helmet)
rElec   .          Harm     .    (no cloak)
rCorr   .          Rampage  .    (no gloves)
Will    .....                    (no barding)
Stlth   +.........               (no amulet)
HPRegen 0.24/turn                (no ring)
MPRegen 0.09/turn                (no ring)

@: on blink cooldown, very slightly contaminated, very slow
A: AC +0, large, see invisible, deformed body, poison resistance, slowness 2,
spit poison 1, naga tail 1
a: Spit Poison


You were on level 2 of the Dungeon.
You visited 1 branch of the dungeon, and saw 2 of its levels.

You collected 53 gold pieces.

Inventory:

Hand Weapons
 a - a +0 hand axe (weapon)
Missiles
 d - 7 boomerangs of dispersal
Armour
 b - a +0 leather armour (worn)
Scrolls
 c - a scroll of blinking
 f - a scroll of vulnerability {unknown}
Potions
 e - a potion of lignification {unknown}
 g - a potion of curing {unknown}


   Skills:
 + Level 2.2 Fighting
 + Level 2.2 Axes
 + Level 1.0 Throwing
 + Level 1.1 Armour
 + Level 1.6 Dodging
 + Level 2.0 Spellcasting
 + Level 3.2 Translocations


You had 3 spell levels left.
You knew the following spells:

 Your Spells              Type           Power      Damage    Failure   Level
a - Blink                 Tloc           18%        N/A       13%         2

Your spell library contained the following spells:

 Spells                   Type           Power      Damage    Failure   Level
 Lesser Beckoning         Tloc           18%        N/A       26%         3
 Teleport Other           Tloc           9%         N/A       26%         3
 Beastly Appendage        Tmut           2%         N/A       32%         1
 Wereblood                Tmut           1%         N/A       43%         2
 Vhi's Electric Charge    Tloc/Air       10%        N/A       45%         3
 Spider Form              Tmut/Pois      1%         N/A       67%         3
 Manifold Assault         Tloc           9%         N/A       63%         4


Dungeon Overview and Level Annotations

Branches:
Dungeon (2/15)

Altars:

Annotations:
D:2 Robin


Innate Abilities, Weirdness & Mutations

Your serpentine skin is tough. (AC +0)
You have supernaturally acute eyesight. (SInv)
Armour fits poorly on your strangely shaped body.
Your system is resistant to poisons. (rPois)
You cover ground very slowly.
You can spit poison.
You have a snake-like lower body.


Message History

Found a brown potion.
Found an escape hatch in the floor. 6 goblins and 3 hobgoblins come into view.
The goblin shouts!
The hobgoblin shouts!
The goblin shouts!
The hobgoblin shouts! x2; You hear a shout!
Robin of the Strong Arm comes into view.
They are wielding a +0 short sword.
Robin shouts!
A hobgoblin comes into view.
Robin throws the goblin at you!
A goblin comes into view.
It is wielding a +0 dagger of electrocution.
A goblin breaks down the door.
You barely miss the goblin.
The goblin shouts!
Robin throws the goblin at you! The goblin hits you with a +0 dagger.
Casting: Blink (safe; 13% risk of failure)
Press: ? - help, Q - select action, (/) - cycle Dir - look around, f - activate You miscast Blink.
You are very lightly contaminated with residual magic.
Nothing appears to happen.
The goblin hits you but does no damage. The goblin hits you with a +0 dagger.
The goblin hits you but does no damage.
Casting: Blink (safe; 13% risk of failure)
Press: ? - help, Q - select action, (/) - cycle Dir - look around, f - activate You blink.
The goblin hits you with a +0 dagger. The hobgoblin hits you.
The hobgoblin barely misses you. The goblin hits you with a +0 club.
The goblin attacks as you move away! The goblin barely misses you.
The goblin attacks as you move away! The goblin hits you with a +0 club.
Robin throws the goblin at you! The hobgoblin closely misses you.
The hobgoblin hits you. The goblin hits you with a +0 club. x2
You hit the goblin.
You kill the goblin!
You hit the goblin. You hit the hobgoblin but do no damage.
You barely miss the goblin. You barely miss the hobgoblin.
You hit the goblin but do no damage. The goblin hits you with a +0 club.
* * * LOW HITPOINT WARNING * * *
The hobgoblin closely misses you. The hobgoblin hits you.
* * * LOW HITPOINT WARNING * * *
The goblin hits you but does no damage. The goblin barely misses you.
The hobgoblin hits you.
You die...

#......#. ######.##
###### ######.# #....#
#...##.## #....#
#...##.## #....#
#......## #....#
#...##### #.gg.# #...#
# +g@gg# #...#####
#gg.g#### #........
#ggg.'..###########
...#....##..##########
......................
##############........
...............
...............
.........##....


You could see Robin, 4 hobgoblins and 6 goblins.

Vanquished Creatures
  3 ball pythons
  A bat (D:1)
  2 endoplasms
  A giant cockroach (D:1)
  4 goblins
  3 hobgoblins (D:1)
  2 kobolds (D:1)
  A frilled lizard (D:1)
  A rat (D:1)
18 creatures vanquished.

Notes
Turn   | Place    | Note
-------+----------+-------------------------------------------
     0 | D:1      | ColgateMemes the Naga Warper began the quest for the Orb.
     0 | D:1      | Reached XP level 1. HP: 19/19 MP: 3/3
   222 | D:1      | Reached skill level 1 in Throwing
   306 | D:1      | Reached XP level 2. HP: 24/26 MP: 5/5
   311 | D:1      | Learned a level 2 spell: Blink
   639 | D:1      | Reached skill level 1 in Armour
  1327 | D:2      | Noticed Robin
  1333 | D:2      | Slain by a hobgoblin

Illustrated notes

Levels and vault maps discovered:
D:1:      dpeg_arrival_arbitrary_a, layout_loops_corners
D:2:      layout_basic, nicolae_shop_vocational, uniq_robin

Skill      XL: |  1  2 |
---------------+-------+-----
Throwing       | 1 |  1.0
Armour         | 1 |  1.1
Fighting       | |  2.2
Axes           | |  2.2
Dodging        | |  1.6
Spellcasting   | |  2.0
Translocations | |  3.2

Action                   || total
-------------------------++-------
Melee: Hand axe          ||    65
 Cast: Blink             ||    12
Armor: Leather armour    ||    14
Dodge: Dodged            ||    40

Table legend: (Time is in decaauts)
 A = Elapsed time spent in this place.
 B = Non-inter-level travel time spent in this place.
 C = Inter-level travel time spent in this place.
 D = Time resting spent in this place.
 E = Time spent auto-exploring this place.
 F = Levels seen in this place.
 G = Mean time per level.
                   A        B        C        D        E       F      G
               +--------+--------+--------+--------+--------+-----+--------+
         Total |   1702 |   1691 |     11 |    326 |      0 |   2 |  851.0 |
       Dungeon |   1702 |   1691 |     11 |    326 |      0 |   2 |  851.0 |
               +--------+--------+--------+--------+--------+-----+--------+

Top non-repeatable levels by time:
     D:1: 1433 daAuts
     D:2: 269 daAuts
